 Dungeon Crawl Stone Soup version 0.22-a0-441-gcf5b0c64b7 (webtiles) character file.

39514 Maize the Severer (level 13, -5/184 HPs)
             Began as a Minotaur Berserker on May 29, 2018.
             Was a High Priest of Trog.
             Slain by a six-headed hydra (9 damage)
             ... on level 5 of the Lair of Beasts on May 30, 2018.
             The game lasted 00:47:31 (15988 turns).

Maize the Severer (Minotaur Berserker)             Turns: 15988, Time: 00:47:31

Health: -5/184     AC:  6    Str: 32    XL:     13   Next: 69%
Magic:  12/12      EV: 10    Int:  6    God:    Trog [*****.]
Gold:   919        SH:  0    Dex: 10    Spells: 12/12 levels left

rFire    . . .     SeeInvis .   H - +4 executioner's axe (freeze)
rCold    + . .     Gourm    +   (shield currently unavailable)
rNeg     . . .     Faith    .   h - +2 plate armour
rPois    .         Spirit   .   (helmet restricted)
rElec    .         Reflect  .   (no cloak)
rCorr    .         Harm     .   a - +2 pair of gloves
MR       +....                  s - +1 pair of boots
Stlth    ..........             d - amulet of the gourmand
HPRegen  0.40/turn              i - ring of protection from cold
MPRegen  0.13/turn              F - ring of protection from magic

@: mighty, berserking (expiring), corroded, very quick
A: retaliatory headbutt, horns 2, molten scales 1, clever 1
a: Berserk, Trog's Hand, Brothers in Arms, Renounce Religion


You were on level 5 of the Lair of Beasts.
You worshipped Trog.
Trog was extremely pleased with you.
You were full.

You visited 2 branches of the dungeon, and saw 16 of its levels.
You also visited: Bailey and Ice Cave.

You collected 1024 gold pieces.
You spent 105 gold pieces at shops.

Inventory:

Hand Weapons
 z - a +1 war axe
 H - a +4 executioner's axe of freezing (weapon)
 M - a +0 broad axe
 N - a +2 battleaxe of freezing
Missiles
 p - 3 tomahawks of returning
 P - 7 exploding tomahawks (quivered)
Armour
 a - a +2 pair of gloves (worn)
 h - a +2 plate armour (worn)
 s - a +1 pair of boots (worn)
 E - the +1 chain mail of Focus {+Inv rN++ Int+3 Dex+2}
   (You found it on level 1 of the Lair of Beasts)

   It affects your intelligence (+3).
   It affects your dexterity (+2).
   It greatly protects you from negative energy.
   It lets you turn invisible.
 J - the +7 large shield of Ru's Hope {-Cast rF+ rC+ Str+2, unknown}
   (You found it on level 2 of the Lair of Beasts)

   It affects your strength (+2).
   It protects you from fire.
   It protects you from cold.
   It prevents spellcasting.
Jewellery
 d - an amulet of the gourmand (around neck)
 i - a ring of protection from cold (left hand)
 k - an uncursed ring of flight
 o - an uncursed ring of protection from cold
 F - a ring of protection from magic (right hand)
Wands
 e - a wand of digging (18)
 x - a wand of random effects (74)
 A - a wand of clouds (8)
 B - a wand of polymorph (26)
 G - a wand of acid (5)
Scrolls
 f - 5 scrolls of identify
 l - 2 scrolls of enchant weapon
 m - 7 scrolls of remove curse
 t - 2 scrolls of teleportation
 y - 5 scrolls of magic mapping
 D - 4 scrolls of fear
 K - a scroll of acquirement
Potions
 b - 4 potions of flight
 j - 2 potions of lignification
 n - 5 potions of curing
 q - 2 potions of magic
 r - 3 potions of cancellation
 v - 4 potions of heal wounds
 w - 4 potions of might
 C - 5 potions of agility
 L - a potion of brilliance
 O - 3 potions of resistance
Miscellaneous
 u - a lightning rod (4/4)
Comestibles
 c - 30 rations


   Skills:
 + Level 13.9 Fighting
 * Level 18.5 Axes
 - Level 2.3 Throwing
 + Level 14.3 Armour
 - Level 3.4 Dodging
 - Level 1.1 Stealth


You had 12 spell levels left.
You didn't know any spells.
Your spell library contained the following spells:

 Spells                   Type           Power        Failure   Level  Hunger
 Confuse                  Hex            #.......     100%        3    ####...
 Confusing Touch          Hex            #.....       94%         1    ##.....
 Metabolic Englaciation   Hex/Ice        #.........   100%        5    ######.
 Petrify                  Tmut/Erth      #.......     100%        4    #####..
 Gell's Gravitas          Tloc           #.........   100%        3    ####...
 Yara's Violent Unravell  Hex/Tmut       #.........   100%        5    ######.


Dungeon Overview and Level Annotations

Branches:
Dungeon (11/15)            Temple (0/1) D:5            Lair (5/6) D:11
  Swamp (0/4) Lair:2       Spider (0/4) Lair:3          Orc (0/2) D:10
  Slime: Lair:5-6

Altars:
Dithmenos
Elyvilon
Gozag
Hepliaklqana
Nemelex Xobeh
Okawaru
Qazlal
Ru
Sif Muna
Trog
Uskayaw
Vehumet
Wu Jian
Xom
Yredelemnul
Zin

Shops:
D:6 *   D:11 *


Innate Abilities, Weirdness & Mutations

You reflexively headbutt those who attack you in melee.
You have a pair of horns on your head.
You are partially covered in molten scales. (AC +2)
Your mind is acute. (Int +2)


Message History

The five-headed hydra misses you. The five-headed hydra bites you!
* * * LOW HITPOINT WARNING * * *
You are too berserk!
Unknown command.
You lop one of the five-headed hydra's heads off!
The four-headed hydra grows two more!
You slice the six-headed hydra!! You freeze the six-headed hydra.
You headbutt the six-headed hydra.
The six-headed hydra is heavily wounded.
You barely miss the six-headed hydra.
Your headbutt misses the six-headed hydra.
The six-headed hydra is heavily wounded.
The six-headed hydra bites you.
* * * LOW HITPOINT WARNING * * *
The six-headed hydra bites you but does no damage.
The six-headed hydra bites you.
* * * LOW HITPOINT WARNING * * *
The six-headed hydra bites you.
* * * LOW HITPOINT WARNING * * *
The six-headed hydra barely misses you. The six-headed hydra bites you!
You die...

#### ### ..#.P.##@#
.......#D###
#.###........l..#
...........P........
.PP.....r.)....#....
..............##...
#.............P...
#..P........... .
.#.##...P.#.#PP#.P..


You could see a six-headed hydra and a komodo dragon.

Vanquished Creatures
  A frost giant (IceCv)
  5 hydras
  7 two-headed ogres
  Urug (Lair:3)
  The ghost of Oravi the Martial Artist, a novice MfTm of Uskayaw (D:8)
  An orc knight (Bailey)
  2 cyclopes
  2 black mambas
  3 elephants (Lair:4)
  An ice statue (IceCv)
  3 spiny frogs
  A gargoyle (D:11)
  4 komodo dragons
  A troll (D:10)
  16 polar bears (IceCv)
  12 blink frogs
  Prince Ribbit (D:9)
  5 hippogriffs
  A spriggan (D:9)
  5 wyverns
  28 yaks
  2 humans (D:9)
  4 basilisks
  A hungry ghost (D:10)
  5 soldier ants (Lair:5)
  10 water moccasins
  11 porcupines
  A swamp drake (D:10)
  4 sky beasts
  3 ice beasts
  2 black bears
  8 orc warriors
  2 phantoms (D:10)
  29 wolves
  A centaur (D:8)
  7 ogres
  9 crocodiles
  2 big kobolds
  8 bullfrogs
  2 wyvern zombies
  3 scorpions
  8 killer bees (D:10)
  7 wights (D:6)
  4 howler monkeys
  4 crimson imps
  2 centaur zombies
  8 orc priests
  A bullfrog skeleton (D:8)
  5 hounds
  A centaur skeleton (D:11)
  2 jellies
  9 orc wizards
  10 worker ants
  A howler monkey zombie (D:7)
  3 worker ant zombies
  9 gnolls
  10 adders
  A howler monkey skeleton (D:4)
  5 shadow imps
  2 adder skeletons
  A dart slug (D:2)
  5 leopard geckos
  31 orcs
  8 bats
  7 giant cockroaches
  3 goblins
  8 hobgoblins
  8 jackals
  3 quokkas
  7 frilled lizards
  22 kobolds
  A quokka skeleton (D:8)
  5 rats
  A bush (Lair:2)
  2 butterflies (Lair:1)
  2 fungi
  2 plants
423 creatures vanquished.

Vanquished Creatures (collateral kills)
  A bullfrog (D:6)
  A quokka (D:6)
2 creatures vanquished.

Vanquished Creatures (others)
  5 fungi
  3 plants (Lair:5)
8 creatures vanquished.

Grand Total: 433 creatures vanquished

Notes
Turn   | Place    | Note
-------+----------+-------------------------------------------
     0 | D:1      | Maize the Minotaur Berserker began the quest for the Orb.
     0 | D:1      | Reached XP level 1. HP: 19/19 MP: 0/0
   190 | D:1      | Reached skill level 4 in Axes
   190 | D:1      | Reached XP level 2. HP: 16/27 MP: 1/1
   714 | D:2      | Reached XP level 3. HP: 24/33 MP: 2/2
   860 | D:2      | Reached ** piety under Trog
   873 | D:2      | Reached XP level 4. HP: 30/41 MP: 3/3
   882 | D:2      | Reached skill level 5 in Axes
  1057 | D:2      | Found a hide-covered altar of Uskayaw.
  1229 | D:2      | Found a shadowy altar of Dithmenos.
  1573 | D:3      | Found a bloodstained altar of Trog.
  1642 | D:3      | Reached XP level 5. HP: 38/47 MP: 4/4
  2342 | D:4      | Noticed an ogre
  2352 | D:4      | Killed an ogre
  2571 | D:4      | Reached XP level 6. HP: 47/53 MP: 5/5
  2893 | D:4      | Reached skill level 6 in Axes
  2981 | D:4      | Reached skill level 5 in Armour
  3384 | D:5      | Entered Level 5 of the Dungeon
  3384 | D:5      | Found a staircase to the Ecumenical Temple.
  3417 | D:5      | Reached *** piety under Trog
  3417 | D:5      | Reached XP level 7. HP: 45/60 MP: 6/6
  3421 | D:5      | Reached skill level 7 in Axes
  3426 | D:5      | Reached skill level 5 in Fighting
  4034 | D:5      | Found a basalt altar of Yredelemnul.
  4034 | D:5      | Found a faded altar of an unknown god.
  4040 | D:5      | Found a radiant altar of Vehumet.
  4042 | D:5      | Found a sparkling altar of Nemelex Xobeh.
  4043 | D:5      | Found a faded altar of an unknown god.
  4112 | D:5      | Found a shimmering altar of Xom.
  4476 | D:6      | Found Gozag's Platinum Reserve.
  4486 | D:6      | Found an opulent altar of Gozag.
  4748 | D:6      | Reached skill level 8 in Axes
  4785 | D:6      | Reached XP level 8. HP: 69/69 MP: 7/7
  4795 | D:6      | Reached skill level 1 in Stealth
  4828 | D:6      | Found a white marble altar of Elyvilon.
  5012 | D:6      | Reached **** piety under Trog
  5132 | D:7      | Reached skill level 9 in Axes
  5385 | D:7      | Found a glowing silver altar of Zin.
  5477 | D:7      | Reached skill level 10 in Axes
  5486 | D:7      | Reached XP level 9. HP: 73/78 MP: 8/8
  5497 | D:7      | Found a deep blue altar of Sif Muna.
  5530 | D:7      | Identified the Guide on Augmentations and Stones
  5638 | D:7      | Found an ornate altar of the Wu Jian Council.
  5638 | D:7      | Noticed a two-headed ogre
  5649 | D:7      | Killed a two-headed ogre
  5649 | D:7      | Reached skill level 11 in Axes
  5777 | D:7      | Found a stormy altar of Qazlal.
  5955 | D:8      | Noticed Oravi's ghost (novice MfTm)
  5973 | D:8      | Killed Oravi's ghost
  5973 | D:8      | Reached skill level 12 in Axes
  6054 | D:8      | Noticed a two-headed ogre
  6064 | D:8      | Killed a two-headed ogre
  6064 | D:8      | Reached XP level 10. HP: 90/90 MP: 9/9
  6161 | D:8      | Reached ***** piety under Trog
  6206 | D:8      | Reached skill level 10 in Armour
  6381 | D:8      | Found a hazy altar of Hepliaklqana.
  6401 | D:8      | Noticed a two-headed ogre
  6408 | D:8      | Killed a two-headed ogre
  6408 | D:8      | Reached skill level 13 in Axes
  6597 | D:8      | Noticed a cyclops
  6613 | D:8      | Killed a cyclops
  7325 | D:9      | Noticed Prince Ribbit
  7354 | D:9      | Received a gift from Trog
  7632 | D:9      | Killed Prince Ribbit
  7897 | D:9      | Noticed a two-headed ogre
  7907 | D:9      | Killed a two-headed ogre
  7907 | D:9      | Reached XP level 11. HP: 89/99 MP: 10/10
  8067 | D:9      | Found an iron altar of Okawaru.
  8077 | D:9      | Reached skill level 14 in Axes
  8085 | D:9      | Reached skill level 10 in Fighting
  8225 | D:9      | Gained mutation: You are partially covered in molten scales. (AC +2) [potion of mutation]
  8225 | D:9      | Gained mutation: Your mind is acute. (Int +2) [potion of mutation]
  8384 | D:10     | Entered Level 10 of the Dungeon
  8529 | D:10     | Noticed a two-headed ogre
  8535 | D:10     | Killed a two-headed ogre
  8660 | D:10     | Found a staircase to the Orcish Mines.
  8921 | D:10     | Noticed a two-headed ogre
  8926 | D:10     | Killed a two-headed ogre
  8983 | D:10     | Found a flagged portal.
  8992 | Bailey   | Entered a bailey
  9070 | Bailey   | Noticed an orc knight
  9082 | Bailey   | Killed an orc knight
  9109 | Bailey   | Reached skill level 1 in Throwing
  9117 | Bailey   | Found an iron altar of Okawaru.
  9222 | D:10     | Noticed a two-headed ogre
  9235 | D:10     | Killed a two-headed ogre
  9235 | D:10     | Reached skill level 15 in Axes
  9737 | D:11     | Found Xul Ciup's General Store.
  9744 | D:11     | Bought a scroll of enchant armour for 105 gold pieces
  9905 | D:11     | Found a staircase to the Lair.
 10037 | D:11     | Found a sacrificial altar of Ru.
 10644 | Lair:1   | Entered Level 1 of the Lair of Beasts
 10648 | Lair:1   | Got a jewelled chain mail
 10665 | Lair:1   | Identified the +1 chain mail of Focus {+Inv rN++ Int+3 Dex+2} (You found it on level 1 of the Lair of Beasts)
 10734 | Lair:1   | Reached XP level 12. HP: 74/110 MP: 11/11
 11084 | Lair:1   | Noticed a five-headed hydra
 11095 | Lair:1   | Killed a 12-headed hydra
 11156 | Lair:1   | Found a hide-covered altar of Uskayaw.
 11160 | Lair:1   | Reached skill level 16 in Axes
 11633 | Lair:2   | Noticed a four-headed hydra
 11651 | Lair:2   | Killed a seven-headed hydra
 12023 | Lair:2   | Received a gift from Trog
 12143 | Lair:2   | Found a staircase to the Swamp.
 12183 | Lair:2   | Got a jewelled large shield
 12985 | Lair:3   | Reached skill level 17 in Axes
 13098 | Lair:3   | Identified a scroll of acquirement
 13320 | Lair:3   | Noticed Urug
 13332 | Lair:3   | Killed Urug
 13353 | Lair:3   | Reached XP level 13. HP: 98/119 MP: 12/12
 13383 | Lair:3   | Found a hole to the Spider Nest.
 14109 | Lair:4   | Found a frozen archway.
 14119 | IceCv    | Entered an ice cave
 14401 | IceCv    | Received a gift from Trog
 14451 | IceCv    | Reached skill level 18 in Axes
 14778 | IceCv    | Noticed a frost giant
 14797 | IceCv    | Killed a frost giant
 14797 | IceCv    | Received a gift from Trog
 15900 | Lair:5   | Noticed an entropy weaver
 15988 | Lair:5   | HP: 6/184 [six-headed hydra (4)]
 15988 | Lair:5   | Slain by a six-headed hydra

Vault maps used:
D:1:      eino_arrival_cavern_d
D:2:      marbit_many_paths, nicolae_dithmenos_through_a_glass_darkly,
          first_ration, serial_park_tiny_pond
D:3:      bloody_trog
D:5:      chequers_temple_overflow_minitemple, temple_fountains, xom_redecorated
D:6:      nicolae_gozag_zags_fifth_avenue, lemuel_crystal_altar,
          chequers_big_river
D:7:      kennysheep_little_box, lemuel_crystal_altar,
          overflow_temple_1_default, zin_statuary
D:8:      overflow_temple_1_default
D:9:      the_bakery, okawaru_humans, uniq_prince_ribbit1
D:10:     erik_orc_1, enter_bailey_2, roderic_lattice_a
D:11:     lair_entry_dummy, serial_shops, shop, nicolae_ru_path_of_blood
Lair:1:   basic_altar, lemuel_fruit_fields, grunt_megastairs_2,
          lemuel_fruit_fields, serial_bayou_shore_b
Lair:2:   swamp_mist, grunt_megastairs_3, infiniplex_staircase_pool
Lair:3:   spider_nest_entry_web_field, minivault_11, serial_bayou_pond_e,
          uniq_urug
Lair:4:   portal_ice_cave_entry_pillars_2, minivault_23
Lair:5:   zaba_anthell
Bailey:   bailey_axe_3, bailey
IceCv:    ice_cave_small_giant

Skill      XL: |  1  2  3  4  5  6  7  8  9 10 11 12 13 |
---------------+----------------------------------------+-----
Axes           | 4 5 6 8 10 12 13 15 17 18 | 18.5
Fighting       | 4 5 6 8 9 11 12 13 | 13.9
Armour         | 3 4 5 7 8 9 11 12 13 14 | 14.3
Dodging        | 3 |  3.4
Stealth        | 1 |  1.1
Throwing       | 2 |  2.3

Action                   |  1- 3 |  4- 6 |  7- 9 | 10-12 | 13-15 || total
-------------------------+-------+-------+-------+-------+-------++-------
Melee: Hand axe          |    53 |   114 |    27 |       |       ||   194
       Headbutt          |     9 |    24 |    50 |   112 |    45 ||   240
       War axe           |       |       |   240 |   524 |       ||   764
       Executioner's axe |       |       |       |    82 |   184 ||   266
Throw: Tomahawk          |       |       |       |    32 |       ||    32
Invok: Berserk           |       |     1 |     6 |    14 |     6 ||    27
       Trog's Hand       |       |       |     1 |     2 |     1 ||     4
  Use: Scroll            |       |     4 |    17 |    11 |     5 ||    37
       Potion            |       |       |       |     3 |     4 ||     7
  Eat: Chunk             |       |     4 |    15 |    38 |    11 ||    68
       Ration            |       |     1 |       |     3 |       ||     4
Armor: Leather armour    |     5 |       |       |       |       ||     5
       Scale mail        |    17 |     4 |       |       |       ||    21
       Ring mail         |     2 |       |       |       |       ||     2
       Plate armour      |       |    67 |   143 |   416 |   236 ||   862
Dodge: Dodged            |    41 |    47 |    78 |   282 |   153 ||   601

Table legend:
 A = Spawn XP
 B = Non-spawn XP
 C = Spawn XP percentage of total XP
 D = Spawn monster count
 E = Non-spawn monster count
 F = Spawn count percentage of total count
 G = Total turns spent on level
                    A         B        C        D         E        F      G
               +---------+---------+-------+---------+---------+-------+---------
         Total |       0 |   56449 |   0.0 |       0 |     418 |   0.0 | 15988
               +---------+---------+-------+---------+---------+-------+---------
           D:1 |       0 |      27 |   0.0 |       0 |      16 |   0.0 |   635
           D:2 |       0 |     140 |   0.0 |       0 |      27 |   0.0 |   801
           D:3 |       0 |      54 |   0.0 |       0 |      16 |   0.0 |   696
           D:4 |       0 |     402 |   0.0 |       0 |       7 |   0.0 |  1252
           D:5 |       0 |     562 |   0.0 |       0 |      22 |   0.0 |  1080
           D:6 |       0 |     817 |   0.0 |       0 |      20 |   0.0 |   663
           D:7 |       0 |    2291 |   0.0 |       0 |      34 |   0.0 |   808
           D:8 |       0 |    4452 |   0.0 |       0 |      26 |   0.0 |  1351
           D:9 |       0 |    3342 |   0.0 |       0 |      27 |   0.0 |  1098
          D:10 |       0 |    5272 |   0.0 |       0 |      41 |   0.0 |  1049
          D:11 |       0 |    2596 |   0.0 |       0 |      16 |   0.0 |  1008
        Lair:1 |       0 |    4985 |   0.0 |       0 |      15 |   0.0 |   894
        Lair:2 |       0 |    7997 |   0.0 |       0 |      40 |   0.0 |  1408
        Lair:3 |       0 |    5566 |   0.0 |       0 |      26 |   0.0 |   998
        Lair:4 |       0 |    4489 |   0.0 |       0 |      15 |   0.0 |   890
        Lair:5 |       0 |    2948 |   0.0 |       0 |      18 |   0.0 |   172
        Bailey |       0 |     939 |   0.0 |       0 |      16 |   0.0 |   203
         IceCv |       0 |    9570 |   0.0 |       0 |      36 |   0.0 |   982
               +---------+---------+-------+---------+---------+-------+---------
